 Dungeon Crawl Stone Soup version 0.30-a0-1163-gf69bf04e7a (webtiles) character file.

Game seed: 5522894608031577899

23480 Ahpoh the Carver (level 13, -2/112 HPs)
             Began as a Vine Stalker Berserker on Apr 28, 2023.
             Was a High Priest of Trog.
             Succumbed to poison (dark miasma)
             ... on level 13 of the Dungeon.
             The game lasted 00:42:13 (10907 turns).

Ahpoh the Carver (Vine Stalker Berserker)          Turns: 10907, Time: 00:42:16

Health: -2/112     AC: 21    Str: 20    XL:     13   Next: 7%
Magic:  4/14       EV: 11    Int:  7    God:    Trog [*****.]
Gold:   950        SH:  0    Dex: 19    Spells: 12/12 levels left

rFire   + . .        y - +4 great sword (vamp)
rCold   . . .        (shield currently unavailable)
rNeg    + . .        t - +0 chain mail
rPois   .            (helmet restricted)
rElec   .            a - +1 cloak {rCorr}
rCorr   +            z - +1 pair of gloves
SInv    .            k - +0 pair of boots
Will    +....        I - amulet of regeneration Stlth
                     A - +4 ring of protection
HPRegen 1.98/turn    i - ring of positive energy
MPRegen 0.14/turn

%: guardian spirit
@: berserking, lethally poisoned (-2 -> -16), slowed, studying 2 skills
A: fangs 3, regeneration 1, magic shield, antimagic bite, no potion heal 2,
antennae 2, fire resistance 1, screaming 1, MP-powered wands
a: Renounce Religion, Berserk, Trog's Hand, Brothers in Arms


You were on level 13 of the Dungeon.
You worshipped Trog.
Trog was extremely pleased with you.
You visited 1 branch of the dungeon, and saw 13 of its levels.

You collected 950 gold pieces.

Inventory:

Hand Weapons
 j - a +2 flail of protection
 r - a +3 halberd
 y - a +4 vampiric great sword (weapon)
Missiles
 f - 4 throwing nets (quivered)
Armour
 a - a +1 cloak of preservation (worn)
 k - a +0 pair of boots (worn)
 t - a +0 chain mail (worn)
 z - a +1 pair of gloves (worn)
Jewellery
 b - a ring of protection from cold
 i - a ring of positive energy (right hand)
 l - a ring of ice
 A - a +4 ring of protection (left hand)
 B - a ring of positive energy
 I - an amulet of regeneration (around neck)
Wands
 n - a wand of roots (10)
 v - a wand of polymorph (5)
 x - a wand of flame (12)
Scrolls
 c - 2 scrolls of teleportation
 d - a scroll of summoning
 e - 3 scrolls of poison
 h - 6 scrolls of fog
 m - 3 scrolls of vulnerability
 p - 2 scrolls of magic mapping
 q - a scroll of silence
 s - a scroll of enchant weapon
 w - 2 scrolls of enchant armour
 J - a scroll of identify
Potions
 g - 10 potions of curing
 o - 4 potions of haste
 u - a potion of cancellation
 D - a potion of invisibility {unknown}
 F - a potion of magic {unknown}
 G - a potion of berserk rage {unknown}
 H - a potion of flight
Miscellaneous
 C - a phantom mirror
 E - a box of beasts (inert)


   Skills:
 + Level 12.3 Fighting
 + Level 14.5 Long Blades
 + Level 8.4 Armour
 + Level 5.0 Dodging
 + Level 2.5 Stealth
 + Level 0.1 Evocations


You had 12 spell levels left.
You didn't know any spells.
Your spell library was empty.

Dungeon Overview and Level Annotations

Branches:
Dungeon (13/15)            Temple (0/1) D:4            Lair (0/5) D:11
    Orc (0/2) D:9
 Vaults: D:13-14

Altars:
Ashenzari
Dithmenos
Hepliaklqana
Kikubaaqudgha
Makhleb
Qazlal
Vehumet
Xom

Shops:
D:4 *   D:10 *

Annotations:
D:13 2 runed translucent doors


Innate Abilities, Weirdness & Mutations

You have razor-sharp teeth.
Your natural rate of healing is unusually fast.
When hurt, damage is shared between your health and your magic reserves.
Your bite disrupts and absorbs the magic of your enemies.
Potions cannot restore your health.
You have a pair of antennae on your head.
Your flesh is heat resistant. (rF+)
You occasionally shout uncontrollably at your foes.
You expend magic power (3 MP) to strengthen your wands.


Message History

You feel as though you will be slow longer.
You feel extremely sick.
The merfolk avatar chants its luring song.
Your juvenile oxfire beast is engulfed in dark miasma.
Your juvenile oxfire beast looks as sick as possible!
Your juvenile oxfire beast breathes flames at the merfolk avatar.
The blast of flame hits the merfolk avatar!!
The merfolk avatar chants its luring song.
As you read the scroll of teleportation, it crumbles to dust.
You feel strangely unstable.
You are engulfed in dark miasma.
You are more poisoned.
* * * LOW HITPOINT WARNING * * *
You feel extremely sick.
The pull of its song draws you forwards.
Your juvenile oxfire beast is engulfed in dark miasma.
Your juvenile oxfire beast looks as sick as possible!
Your juvenile oxfire beast seems to slow down.
Your juvenile oxfire beast breathes flames at the merfolk avatar.
The blast of flame hits the merfolk avatar!!
You break out of your daze!
The merfolk avatar dies!
Trog accepts your kill.
Trog appreciates your killing of a magic user.
Your juvenile oxfire beast is engulfed in dark miasma.
Your juvenile oxfire beast looks as sick as possible!
Your juvenile oxfire beast seems to slow down.
Your system rejects the healing.
You feel better.
You are engulfed in dark miasma.
You are poisoned.
* * * LOW HITPOINT WARNING * * *
x2 You feel very sick.
Your juvenile oxfire beast dies!
Your juvenile oxfire beast's corpse disappears in a puff of smoke!
A red film seems to cover your vision as you go berserk!
You feel yourself moving faster!
You feel mighty!
You are engulfed in dark miasma.
You are lethally poisoned!
* * * LOW HITPOINT WARNING * * *
Your surroundings suddenly seem different.
You die...

######......... # #.#######. +.
#.# #.# #.# #.. #.# ### #.# # #.#
#########+#### # #.#
#............# ##### ######'#####
#..@.........+ #.... ...........#
#............# #.... ...........#
#............# #....
...........###..........<.#.#....
...........'.#.....)......#......
...........#.'.........<..###)...
...........###............# ###.#
...>.......# ######'####### #..
######'##### #.# ###


There were no monsters in sight!

Vanquished Creatures
  Snorg (D:11)
  Erolcha (D:9)
  Erica (D:9)
  2 two-headed ogres
  2 centaur warriors
  A boulder beetle (D:11)
  2 tengu warriors (D:13)
  Pikel (D:5)
  2 manticores
  2 ugly things
  A cyclops (D:12)
  A gargoyle (D:9)
  An unseen horror (D:11)
  2 komodo dragons (D:11)
  A tengu conjurer (D:13)
  4 trolls
  A meliai (shapeshifter) (D:9)
  Grinder (D:6)
  A slime creature (D:8)
  Sigmund (D:2)
  Eustachio (D:5)
  A water elemental (D:11)
  3 wraiths (D:12)
  3 shadows
  A vampire (D:11)
  15 yaks
  Grum (D:9)
  2 wyverns
  A steam dragon (D:8)
  A warg (D:9)
  8 vampire mosquitoes
  3 acid dragons
  2 water moccasins
  Duvessa (D:4)
  4 orc warriors (D:9)
  A black bear (D:4)
  2 ice beasts
  A sky beast (D:8)
  4 wolves (D:8)
  8 centaurs
  A lemure (D:5)
  3 phantoms
  Blork the orc (D:5)
  A bullfrog (D:6)
  2 gnoll sergeants (D:8)
  2 scorpions
  18 wights
  19 killer bees
  Dowan (D:4)
  4 howler monkeys
  4 electric eels (D:11)
  A jelly (D:7)
  2 hounds
  11 orc priests
  Crazy Yiuf (D:2)
  4 iguanas
  2 sleepcaps (D:6)
  15 orc wizards
  16 gnolls
  11 adders
  2 shadow imps
  A white imp (D:8)
  3 worms
  4 dart slugs
  45 orcs
  11 endoplasms
  6 giant cockroaches
  3 goblins
  5 hobgoblins
  7 jackals
  4 quokkas
  9 ball pythons
  4 bats
  3 frilled lizards
  6 kobolds
  9 rats
333 creatures vanquished.

Vanquished Creatures (collateral kills)
  A merfolk avatar (D:13)
  A steam dragon (D:9)
  2 wights (D:9)
  A howler monkey (D:9)
5 creatures vanquished.

Vanquished Creatures (others)
  A frilled lizard (D:3)
  20 plants (D:11)
21 creatures vanquished.

Grand Total: 359 creatures vanquished

Notes
Turn   | Place    | Note
-------+----------+-------------------------------------------
     0 | D:1      | Ahpoh the Vine Stalker Berserker began the quest for the
                  | Orb.
     0 | D:1      | Reached XP level 1. HP: 11/11 MP: 2/2
   208 | D:1      | Reached XP level 2. HP: 6/16 MP: 1/3
   441 | D:1      | Reached skill level 3 in Long Blades
   473 | D:1      | Reached XP level 3. HP: 20/20 MP: 2/4
   549 | D:1      | Found a faded altar of an unknown god.
   784 | D:1      | Reached ** piety under Trog
  1097 | D:2      | HP: 1/20 [poisoned by an adder]
  1099 | D:2      | Gained mutation: Your natural rate of healing is unusually
                  | fast. [Vine Stalker growth]
  1099 | D:2      | Reached XP level 4. HP: 2/24 MP: 5/5
  1261 | D:2      | Noticed Sigmund
  1277 | D:2      | Killed Sigmund
  1278 | D:2      | Reached skill level 4 in Long Blades
  1278 | D:2      | Reached XP level 5. HP: 28/28 MP: 6/6
  1278 | D:2      | Reached XP level 6. HP: 32/32 MP: 7/7
  1519 | D:2      | Found a runed translucent door.
  1519 | D:2      | Noticed Crazy Yiuf
  1528 | D:2      | Killed Crazy Yiuf
  2190 | D:3      | Reached skill level 5 in Long Blades
  2376 | D:3      | Identified the +1 robe "Zeom" {rElec}
  2628 | D:4      | Found a staircase to the Ecumenical Temple.
  2663 | D:4      | Found Sotiho's Mayhem Merchandise.
  2724 | D:4      | Noticed a black bear
  2725 | D:4      | Reached *** piety under Trog
  2788 | D:3      | Reached XP level 7. HP: 34/37 MP: 5/8
  2793 | D:4      | Reached skill level 1 in Stealth
  2878 | D:4      | Noticed Duvessa
  2878 | D:4      | Noticed Dowan
  2896 | D:4      | Killed Dowan
  2901 | D:4      | Killed Duvessa
  2902 | D:4      | Reached skill level 6 in Long Blades
  3244 | D:4      | Gained mutation: You have razor-sharp teeth. [Vine Stalker
                  | growth]
  3244 | D:4      | Reached XP level 8. HP: 42/42 MP: 9/9
  3506 | D:5      | Entered Level 5 of the Dungeon
  3506 | D:5      | Noticed Eustachio
  3520 | D:5      | Killed Eustachio
  3595 | D:5      | Identified a scroll of acquirement
  3595 | D:5      | Acquired a manual of Fighting
  3632 | D:5      | Reached skill level 7 in Long Blades
  3663 | D:5      | Noticed Pikel
  3705 | D:5      | Killed Pikel
  3706 | D:5      | Reached skill level 5 in Fighting
  3706 | D:5      | Reached XP level 9. HP: 31/47 MP: 4/10
  3855 | D:5      | Reached skill level 8 in Long Blades
  4233 | D:5      | Noticed Blork the orc
  4242 | D:5      | Killed Blork the orc
  4533 | D:6      | Noticed Grinder
  4557 | D:6      | Killed Grinder
  4808 | D:6      | Reached **** piety under Trog
  5035 | D:6      | Reached skill level 9 in Long Blades
  5098 | D:6      | Found an ancient bone altar of Kikubaaqudgha.
  5335 | D:7      | Reached skill level 5 in Armour
  5335 | D:7      | Reached XP level 10. HP: 28/55 MP: 11/11
  5383 | D:7      | Gained mutation: You are clumsy. (Dex -2) [potion of
                  | mutation]
  5387 | D:7      | Lost mutation: You are clumsy. (Dex -2) [potion of
                  | mutation]
  5387 | D:7      | Gained mutation: Your flesh is heat resistant. (rF+)
                  | [potion of mutation]
  5387 | D:7      | Gained mutation: You have hidden genetic potential. [potion
                  | of mutation]
  5387 | D:7      | Gained mutation: You expend magic power (3 MP) to
                  | strengthen your wands. [potion of mutation]
  5675 | D:7      | Reached skill level 10 in Long Blades
  6351 | D:8      | Reached ***** piety under Trog
  6469 | D:8      | Noticed a centaur warrior
  6480 | D:8      | Killed a centaur warrior
  6486 | D:8      | Reached skill level 11 in Long Blades
  6622 | D:8      | Received a gift from Trog
  6690 | D:8      | Found a hazy altar of Hepliaklqana.
  6693 | D:8      | Found a shimmering altar of Xom.
  6696 | D:8      | Found a radiant altar of Vehumet.
  6873 | D:9      | Reached XP level 11. HP: 58/60 MP: 12/12
  6937 | D:9      | Found a staircase to the Orcish Mines.
  6940 | D:9      | Gained mutation: Your mind is acute. (Int +4, Str/Dex -1)
                  | [hidden potential]
  7071 | D:9      | Noticed Erolcha
  7085 | D:9      | Killed Erolcha
  7142 | D:9      | Noticed Grum
  7213 | D:9      | Killed Grum
  7283 | D:9      | Noticed Erica
  7293 | D:9      | Killed Erica
  7494 | D:9      | Found a stormy altar of Qazlal.
  7580 | D:9      | Reached skill level 12 in Long Blades
  7635 | D:9      | Found a burning altar of Makhleb.
  7857 | D:10     | Entered Level 10 of the Dungeon
  7857 | D:10     | Found Adoisoatt's Fire Supplies.
  7924 | D:10     | Found a broken altar of Ashenzari.
  7927 | D:10     | Reached skill level 10 in Fighting
  8272 | D:10     | Noticed a two-headed ogre
  8281 | D:10     | Killed a two-headed ogre
  8516 | D:10     | Found a shadowy altar of Dithmenos.
  8679 | D:11     | Noticed a cyan ugly thing
  8685 | D:11     | Killed a cyan ugly thing
  8740 | D:11     | Noticed a manticore
  8751 | D:11     | Killed a manticore
  8811 | D:11     | Found a staircase to the Lair.
  8825 | D:11     | Reached XP level 12. HP: 69/69 MP: 13/13
  9141 | D:11     | Gained mutation: You are resistant to electric shocks.
                  | (rElec) [hidden potential]
  9141 | D:11     | Lost mutation: You have hidden genetic potential. [hidden
                  | potential expressed]
  9192 | D:11     | Noticed a boulder beetle
  9201 | D:11     | Reached skill level 13 in Long Blades
  9226 | D:11     | Killed a boulder beetle
  9262 | D:11     | Noticed Snorg
  9280 | D:11     | Killed Snorg
  9464 | D:11     | Identified the +9 whip of Perfectionism {flame, rPois rF+++
                  | rCorr Int-3}
  9790 | D:12     | Noticed a centaur warrior
  9798 | D:12     | Killed a centaur warrior
 10034 | D:12     | Reached skill level 5 in Dodging
 10062 | D:12     | Reached skill level 14 in Long Blades
 10170 | D:12     | Noticed a two-headed ogre
 10180 | D:12     | Killed a two-headed ogre
 10182 | D:12     | Lost mutation: You are resistant to electric shocks.
                  | (rElec) [potion of mutation]
 10182 | D:12     | Lost mutation: Your mind is acute. (Int +4, Str/Dex -1)
                  | [potion of mutation]
 10182 | D:12     | Gained mutation: You have a pair of small antennae on your
                  | head. [potion of mutation]
 10182 | D:12     | Gained mutation: You have a pair of antennae on your head.
                  | [potion of mutation]
 10182 | D:12     | Gained mutation: You occasionally shout uncontrollably at
                  | your foes. [potion of mutation]
 10708 | D:13     | Found a runed translucent door.
 10708 | D:13     | Noticed a merfolk impaler
 10708 | D:13     | Noticed a merfolk avatar
 10710 | D:13     | Found a runed translucent door.
 10746 | D:13     | Noticed a tengu warrior
 10755 | D:13     | Killed a tengu warrior
 10815 | D:13     | Noticed a tengu warrior
 10829 | D:13     | Killed a tengu warrior
 10830 | D:13     | Reached XP level 13. HP: 75/75 MP: 14/14
 10855 | D:13     | Found a runed translucent door.
 10907 | D:13     | HP: 5/112 [something (3)]
 10907 | D:13     | Succumbed to poison (dark miasma)

Illustrated notes

Levels and vault maps discovered:
D:1:      scummos_arrival_checkerplants, layout_loops_corners,
          shapermc_ecumenical_altar_ellora, hex_tiny
D:2:      layout_loops_ring, uniq_crazy_yiuf_cottage, uniq_sigmund
D:3:      layout_basic
D:4:      layout_rooms, temple_doors_e, serial_rivers,
          chequers_serial_rivers_room_b, chequers_serial_rivers_room_b,
          chequers_serial_rivers_small_3, chequers_serial_rivers_small_3,
          chequers_serial_rivers_micro_c, chequers_serial_rivers_small_b,
          minmay_shop_mayhem, grunt_ministairs_9, solitary_fountain,
          kennysheep_generic_room_3, uniq_duvessa
D:5:      layout_loops_cross, uniq_blork_the_orc, uniq_eustachio, uniq_pikel
D:6:      layout_basic, mainiacjoe_overflow_small_starburst, minivault_25,
          uniq_grinder
D:7:      layout_loops_cross, chequers_serial_rivers_large_b
D:8:      layout_basic, grunt_temple_overflow_diamond, minmay_small_thing
D:9:      layout_irregular_city, general_overflow_altar, david_orc_3,
          corexii_corridor_pit, minmay_ruined_shrine, uniq_erolcha, uniq_erica,
          uniq_grum
D:10:     layout_roguey, nicolae_dithmenos_through_a_glass_darkly,
          evilmike_ruin_ashenzari, nrook_mini_vaults, nicolae_shop_fire_sale
          [nicolae_sub_dead_trees]
D:11:     layout_stronghold, david_lair_shrubbed, serial_bayou,
          serial_bayou_lagoon_a, serial_bayou_pond_a, serial_bayou_pond_c,
          serial_bayou_lake_a, serial_bayou_pond_b, uniq_snorg
D:12:     layout_basic
D:13:     layout_roguey, mikee_hates_you

Skill      XL: |  1  2  3  4  5  6  7  8  9 10 11 12 |
---------------+-------------------------------------+-----
Fighting       | 3 4 5 7 8 10 12 | 12.3
Long Blades    | 3 4 5 6 7 9 11 12 14 | 14.5
Dodging        | 2 3 4 5 |  5.0
Armour         | 2 3 4 5 6 7 8 |  8.4
Stealth        | 1 2 |  2.5
Evocations     | |  0.1

Action                     |  1- 3 |  4- 6 |  7- 9 | 10-12 | 13-15 || total
---------------------------+-------+-------+-------+-------+-------++-------
  Melee: Falchion          |    89 |    27 |       |       |       ||   116
         Bite              |    25 |    22 |    84 |   154 |     2 ||   287
         Long sword        |       |    77 |   250 |       |       ||   327
         Punch             |       |       |     2 |       |       ||     2
         Great sword       |       |       |    24 |   521 |     7 ||   552
 Invoke: Berserk           |       |     2 |     4 |    12 |     1 ||    19
         Trog's Hand       |       |     1 |       |     1 |       ||     2
  Evoke: Box of beasts     |       |       |       |     1 |     1 ||     2
         Wand              |       |       |       |       |     2 ||     2
    Use: Potion            |     3 |       |     3 |     5 |     2 ||    13
         Scroll            |     3 |     7 |     2 |     5 |     1 ||    18
 Armour: Animal skin       |    11 |       |       |       |       ||    11
         Scale mail        |    16 |    47 |    34 |       |       ||    97
         Chain mail        |       |       |   112 |   424 |     2 ||   538
         Skin              |       |       |       |    15 |       ||    15
  Dodge: Dodged            |    54 |    94 |   140 |   367 |       ||   655

Table legend: (Time is in decaauts)
 A = Elapsed time spent in this place.
 B = Non-inter-level travel time spent in this place.
 C = Inter-level travel time spent in this place.
 D = Time resting spent in this place.
 E = Time spent auto-exploring this place.
 F = Levels seen in this place.
 G = Mean time per level.
                   A        B        C        D        E       F      G
               +--------+--------+--------+--------+--------+-----+--------+
         Total |  11249 |  10948 |    301 |    799 |   6718 |  13 |  865.3 |
       Dungeon |  11249 |  10948 |    301 |    799 |   6718 |  13 |  865.3 |
               +--------+--------+--------+--------+--------+-----+--------+

Top non-repeatable levels by time:
    D:11: 1161 daAuts
     D:1: 1085 daAuts
     D:9: 1026 daAuts
     D:4: 933 daAuts
     D:6: 912 daAuts
     D:5: 911 daAuts
     D:8: 831 daAuts
     D:2: 822 daAuts
     D:7: 816 daAuts
    D:10: 811 daAuts
    D:12: 781 daAuts
     D:3: 748 daAuts
    D:13: 407 daAuts
